 Dungeon Crawl Stone Soup version 0.32-a0-132-g2d33c3cfaf (webtiles) character file.

Game seed: 10998245980426931461

20 Bravepunisher the Ducker (level 2, 0/14 (16) HPs)
             Began as a Spriggan Monk on Feb 9, 2024.
             Slain by an orc
             ... wielding a +1 short sword of draining
              (3 damage)
             ... on level 7 of the Dungeon.
             The game lasted 00:02:19 (454 turns).

Bravepunisher the Ducker (Spriggan Monk)             Turns: 454, Time: 00:02:20

HP:   0/14 (16)     AC:  5    Str:  7    XL:     2   Next: 58%
MP:   3/3           EV: 19    Int: 11    God:
Gold: 18            SH:  0    Dex: 17    Spells: 1/1 levels left

rFire   . . .        a - +0 short sword
rCold   . . .        (no shield)
rNeg    . . .        b - +0 robe
rPois   .            (helmet restricted)
rElec   .            e - +2 cloak {rCorr}
rCorr   +            (gloves unavailable)
SInv    +            (boots unavailable)
Will    .....        (no amulet)
Stlth   ++           (no ring)
HPRegen 0.22/turn    (no ring)
MPRegen 0.08/turn

%: no passive effects
@: heavily drained, very quick
A: very small, no large weapons, unfitting armour, see invisible, speed 3
a: no special abilities


You were on level 7 of the Dungeon.
You visited 1 branch of the dungeon, and saw 7 of its levels.

You collected 18 gold pieces.

Inventory:

Hand Weapons
 a - a +0 short sword (weapon)
Armour
 b - a +0 robe (worn)
 e - a +2 cloak of preservation (worn)
Scrolls
 d - 4 scrolls of enchant weapon {unknown}
 f - a scroll of noise {unknown}
 h - a scroll of teleportation {unknown}
Potions
 c - a potion of ambrosia
 g - a potion of invisibility {unknown}
 i - a potion of degeneration {unknown}


   Skills:
 + Level 2.7 Fighting
 - Level 3.2 Short Blades
 * Level 4.9 Dodging


You had one spell level left.
You didn't know any spells.
Your spell library contained the following spells:

 Spells                   Type           Power      Damage    Failure   Level
 Tukima's Dance           Hex            0%         N/A       71%         3
 Passage of Golubria      Tloc           0%         N/A       98%         4
 Yara's Violent Unravell  Hex/Alch       0%         3d3       100%        5


Dungeon Overview and Level Annotations

Branches:
Dungeon (7/15)
 Temple: D:4-7

Altars:

Annotations:
D:4 Eustachio
D:7 Pikel


Innate Abilities, Weirdness & Mutations

You are very small and have problems with some larger weapons.
You are too small for most types of armour.
You have supernaturally acute eyesight. (SInv)
You cover ground extremely quickly. (Speed+++)


Message History

You hit the orc.
The orc is moderately wounded.
The orc completely misses you. The orc barely misses you.
You hit the orc.
You kill the orc!
The orc closely misses you.
Your life force feels restored.
You hit the orc.
The orc is moderately wounded.
The lemure barely misses you.
You hit the orc.
The orc is heavily wounded.
The orc completely misses you. x2; The lemure closely misses you.
You hit the orc.
The orc is severely wounded.
The orc hits you with a +0 hand axe. The orc misses you.
The lemure completely misses you.
You closely miss the orc.
The orc is severely wounded.
The orc completely misses you.
An orc comes into view. It is wielding a +0 hand axe.
A white imp comes into view.
The orc hits you with a +1 short sword of draining.
* * * LOW HITPOINT WARNING * * *
You feel drained.
* * * LOW HITPOINT WARNING * * *
The lemure closely misses you.
You barely miss the orc.
The orc is severely wounded.
The orc misses you. The orc completely misses you.
The lemure closely misses you.
You barely miss the orc.
The orc is severely wounded.
The orc completely misses you. The orc hits you but does no damage.
You feel drained.
You closely miss the orc.
The orc is severely wounded.
The lemure completely misses you.
The orc hits you with a +1 short sword of draining.
You die...

#. #. 5 .#
###.# #oo.
#. ##o# #.#
####o@# #.#
##5K55##
#.###..####
#........#
#........#
###........#
#...K.#....#
#.....####.#
#.....# .#


You could see Pikel, 3 lemures, a white imp and 4 orcs.

Vanquished Creatures
  A dart slug (D:3)
  An orc (D:7)
  A bat (D:3)
  An endoplasm (D:4)
  2 giant cockroaches
  A hobgoblin (D:1)
  3 ball pythons
  3 goblins
  A kobold (D:4)
  3 rats
17 creatures vanquished.

Notes
Turn   | Place    | Note
-------+----------+-------------------------------------------
     0 | D:1      | Bravepunisher the Spriggan Monk began the quest for the
                  | Orb.
     0 | D:1      | Reached XP level 1. HP: 11/11 MP: 2/2
   145 | D:3      | Reached XP level 2. HP: 16/16 MP: 3/3
   322 | D:4      | Noticed Eustachio
   327 | D:4      | You fall into a shaft and drop 1 floor!
   327 | D:5      | Entered Level 5 of the Dungeon
   426 | D:6      | Noticed a scorpion
   429 | D:7      | Noticed Pikel
   429 | D:7      | Noticed a lemure
   429 | D:7      | Noticed a lemure
   429 | D:7      | Noticed a lemure
   429 | D:7      | Noticed a lemure
   454 | D:7      | Slain by an orc

Illustrated notes

Levels and vault maps discovered:
D:1:      dpeg_arrival_yet_another_circle, layout_basic,
          shapermc_ecumenical_altar_starsandcircs,
          nicolae_concentric_dashed_squares_wild
D:2:      layout_loops_cross, grunt_ministairs_8, uniq_crazy_yiuf_cottage
D:3:      layout_loops_ring, nicolae_overflow_hidden_temple, serial_shops,
          shop_fountains
D:4:      cheibrodos_quashed, layout_rooms, temple_statues, uniq_eustachio
D:5:      layout_rooms, lemuel_tele_altar
D:6:      layout_gridville, mainiacjoe_overflow_surrounded_room
D:7:      layout_rooms, uniq_pikel, uniq_joseph

Action                     || total
---------------------------++-------
  Melee: Short sword       ||    72
         Punch             ||     2
   Stab: Sleeping          ||     4
 Armour: Robe              ||    21
  Dodge: Dodged            ||    70

Table legend: (Time is in decaauts)
 A = Elapsed time spent in this place.
 B = Non-inter-level travel time spent in this place.
 C = Inter-level travel time spent in this place.
 D = Time resting spent in this place.
 E = Time spent auto-exploring this place.
 F = Levels seen in this place.
 G = Mean time per level.
                   A        B        C        D        E       F      G
               +--------+--------+--------+--------+--------+-----+--------+
         Total |    317 |    317 |      0 |      0 |    105 |   7 |   45.3 |
       Dungeon |    317 |    317 |      0 |      0 |    105 |   7 |   45.3 |
               +--------+--------+--------+--------+--------+-----+--------+

Top non-repeatable levels by time:
     D:4: 94 daAuts
     D:1: 77 daAuts
     D:3: 75 daAuts
     D:2: 27 daAuts
     D:5: 23 daAuts
     D:7: 17 daAuts
     D:6: 2 daAuts
